 Dungeon Crawl Stone Soup version 0.30-a0-1113-ga8025317a9 (webtiles) character file.

Game seed: 15398453569014425867

147 MacCMillion the Chopper (level 5, -4/41 HPs)
             Began as a Formicid Fighter on Apr 20, 2023.
             Engulfed by a steam dragon's steam (8 damage)
             ... on level 3 of the Dungeon.
             The game lasted 00:07:43 (2634 turns).

MacCMillion the Chopper (Formicid Fighter)          Turns: 2634, Time: 00:07:43

Health: -4/41      AC:  6    Str: 22    XL:     5   Next: 54%
Magic:  5/5        EV: 10    Int:  8    God:
Gold:   199        SH:  5    Dex: 13    Spells: 4/4 levels left

rFire   . . .      SeeInvis +    a - +0 war axe
rCold   . . .      Faith    .    c - +0 buckler
rNeg    . . .      Spirit   .    k - +1 ring mail of Ru's Condemnation {rElec}
rPois   .          Reflect  .    (helmet unavailable)
rElec   +          Rampage  .    (no cloak)
rCorr   .                        (no gloves)
Will    .....                    (no boots)
Stlth   +                        (no amulet)
HPRegen 0.26/turn                (no ring)
MPRegen 0.09/turn                (no ring)

@: no status effects
A: permanent stasis, dig shafts and tunnels, antennae 3, four strong arms
a: Dig, Shaft Self


You were on level 3 of the Dungeon.
You visited 1 branch of the dungeon, and saw 3 of its levels.

You collected 199 gold pieces.

Inventory:

Hand Weapons
 a - a +0 war axe (weapon)
Missiles
 g - 4 boomerangs
 l - 7 poisoned darts
 n - 2 curare-tipped darts
Armour
 b - a +0 scale mail
 c - a +0 buckler (worn)
 k - the +1 ring mail of Ru's Condemnation (worn) {rElec}
   (You found it on level 2 of the Dungeon)

   rElec:     It insulates you from electricity.
Scrolls
 h - 6 scrolls of enchant armour {unknown}
 i - 6 scrolls of identify {unknown}
 j - a scroll of poison {unknown}
Potions
 d - a potion of might
 e - a potion of ambrosia {unknown}
 f - a potion of brilliance {unknown}
 m - 2 potions of curing {unknown}
 o - a potion of mutation {unknown}


   Skills:
 - Level 3.2 Fighting
 + Level 5.3 Axes
 - Level 3.2 Armour
 - Level 4.0 Shields


You had 4 spell levels left.
You didn't know any spells.
Your spell library contained the following spells:

 Spells                   Type           Power      Damage    Failure   Level
 Summon Small Mammal      Summ           0%         N/A       63%         1
 Call Canine Familiar     Summ           0%         N/A       94%         3
 Summon Guardian Golem    Hex/Summ       0%         N/A       94%         3


Dungeon Overview and Level Annotations

Branches:
Dungeon (3/15)

Altars:
Ashenzari
Zin

Shops:
D:1 [


Innate Abilities, Weirdness & Mutations

You cannot be hasted, slowed, berserked, paralysed or teleported.
You can dig through walls and to a lower floor.
You have a pair of large antennae on your head. (SInv)
Your four strong arms can wield two-handed weapons with a shield.


Message History

The goblin hits you but does no damage.
You slash the goblin!
You kill the goblin!
No target in view!
h - 6 scrolls labelled UNLEAJAELA (gained 3)
You see here a +0 dagger.
You sense a monster nearby.
You sense a monster nearby.
You sense a monster nearby.
A ball python comes into view.
The ball python hisses angrily.
The ball python bites you. The ball python grabs you.
The ball python constricts you.
You closely miss the ball python. The ball python barely misses you.
The ball python constricts you. The ball python bites you.
The ball python constricts you.
You barely miss the ball python. You block the ball python's attack.
The ball python constricts you.
The ball python bites you but does no damage.
The ball python constricts you.
You hit the ball python.
You kill the ball python!
No target in view!
Found a stone staircase leading up.
There is an open door here.
Found a stone staircase leading down.
There is an open door here.
You sense a monster nearby.
A steam dragon comes into view.
The steam dragon breathes steam at you. The ball of steam hits you!!
The steam dragon moves out of view.
You're standing in a cloud of steam!
The steam dragon bites you. The steam dragon closely misses you.
You hit the steam dragon but do no damage.
The steam dragon breathes steam at you. The ball of steam hits you!!
* * * LOW HITPOINT WARNING * * *
You hit the steam dragon but do no damage.
You are engulfed in a cloud of scalding steam.
You die...

####### ......#
......# ......#
......#
......###############
..............§§@D..#
#'#'###############.#
..#.# §# ....#### .#
##.....# .D .##....#
≈. ......># .≈.
.##.###### ≈..
.........#


You could see a steam dragon (catching breath).

Vanquished Creatures
  Robin (D:3)
  3 adders
  3 worms
  A dart slug (D:3)
  2 orcs (D:3)
  6 ball pythons
  3 bats (D:1)
  9 endoplasms
  3 giant cockroaches
  17 goblins
  5 hobgoblins
  5 jackals
  2 quokkas
  7 frilled lizards
  2 kobolds
  22 rats
91 creatures vanquished.

Vanquished Creatures (others)
  2 withered plants (D:1)
2 creatures vanquished.

Grand Total: 93 creatures vanquished

Notes
Turn   | Place    | Note
-------+----------+-------------------------------------------
     0 | D:1      | MacCMillion the Formicid Fighter began the quest for the
                  | Orb.
     0 | D:1      | Reached XP level 1. HP: 18/18 MP: 1/1
    85 | D:1      | Reached XP level 2. HP: 24/24 MP: 2/2
   137 | D:1      | Reached skill level 3 in Axes
   175 | D:1      | Found Plog's Antique Armour Emporium.
   287 | D:1      | Found a faded altar of an unknown god.
   351 | D:1      | Reached XP level 3. HP: 29/29 MP: 3/3
  1070 | D:2      | Reached skill level 4 in Axes
  1070 | D:2      | Reached XP level 4. HP: 24/35 MP: 4/4
  1127 | D:2      | Identified the +1 ring mail of Ru's Condemnation {rElec}
  1780 | D:3      | Found a glowing silver altar of Zin.
  1799 | D:3      | Found a broken altar of Ashenzari.
  2079 | D:3      | Noticed Robin
  2113 | D:3      | Killed Robin
  2114 | D:3      | Reached XP level 5. HP: 40/41 MP: 5/5
  2157 | D:3      | Reached skill level 5 in Axes
  2626 | D:3      | Noticed a steam dragon
  2634 | D:3      | Engulfed by a steam dragon's steam

Illustrated notes

Levels and vault maps discovered:
D:1:      heliophobic_arrival_ceremonial_halls, layout_rooms,
          shapermc_ecumenical_altar_flowoftime, serial_shops, shop
D:2:      layout_rooms
D:3:      layout_basic, nicolae_overflow_squiral,
          nicolae_kikubaaqudgha_miasma_corner, nicolae_ru_path_of_blood,
          hangedman_decor_growths, grunt_ministairs_1, minmay_rat_hole,
          uniq_robin

Skill      XL: |  1  2  3  4  5 |
---------------+----------------+-----
Axes           | 3 4 5 |  5.3
Fighting       | |  3.2
Armour         | |  3.2
Shields        | |  4.0

Action                     |  1- 3 |  4- 6 || total
---------------------------+-------+-------++-------
  Melee: War axe           |   101 |   173 ||   274
Ability: Dig               |       |     1 ||     1
 Armour: Scale mail        |    33 |     1 ||    34
         Ring mail         |       |    49 ||    49
  Dodge: Dodged            |    53 |    62 ||   115
  Block: Buckler           |    20 |    38 ||    58

Table legend: (Time is in decaauts)
 A = Elapsed time spent in this place.
 B = Non-inter-level travel time spent in this place.
 C = Inter-level travel time spent in this place.
 D = Time resting spent in this place.
 E = Time spent auto-exploring this place.
 F = Levels seen in this place.
 G = Mean time per level.
                   A        B        C        D        E       F      G
               +--------+--------+--------+--------+--------+-----+--------+
         Total |   2722 |   2630 |     92 |    446 |   1237 |   3 |  907.3 |
       Dungeon |   2722 |   2630 |     92 |    446 |   1237 |   3 |  907.3 |
               +--------+--------+--------+--------+--------+-----+--------+

Top non-repeatable levels by time:
     D:3: 1145 daAuts
     D:2: 919 daAuts
     D:1: 656 daAuts
